 Dungeon Crawl Stone Soup version 0.21-a0-265-gb353147 (webtiles) character file.

914 nikopol the Poker (level 7, -2/64 HPs)
             Began as a Minotaur Berserker on Sept 11, 2017.
             Was a Priest of Trog.
             Slain by an orc warrior
             ... wielding a +0 glaive
              (7 damage)
             ... on level 6 of the Dungeon.
             The game lasted 00:14:29 (4097 turns).

nikopol the Poker (Minotaur Berserker)              Turns: 4097, Time: 00:14:31

Health: -2/64      AC:  9    Str: 22    XL:     7   Next: 82%
Magic:  6/6        EV:  9    Int:  4    God:    Trog [***...]
Gold:   282        SH:  0    Dex: 11    Spells: 6/6 levels left

rFire    . . .     SeeInvis .   a - +0 spear
rCold    . . .     Gourm    .   (no shield)
rNeg     . . .     Faith    .   h - +0 chain mail
rPois    .         Spirit   .   (helmet restricted)
rElec    .         Reflect  .   (no cloak)
rCorr    .         Harm     .   (no gloves)
MR       .....                  (no boots)
Stlth    ..........             (no amulet)
HPRegen  0.20/turn              (no ring)
MPRegen  0.10/turn              (no ring)

@: no status effects
A: retaliatory headbutt, horns 2
a: Berserk, Trog's Hand, Burn Spellbooks, Renounce Religion


You were on level 6 of the Dungeon.
You worshipped Trog.
Trog was most pleased with you.
You were near starving.

You visited 1 branch of the dungeon, and saw 6 of its levels.

You collected 282 gold pieces.

Inventory:

Hand Weapons
 a - a +0 spear (weapon)
Missiles
 f - 50 arrows
Armour
 b - a +0 animal skin
 h - a +0 chain mail (worn)
Jewellery
 j - a cursed ring of flight {unknown}
 v - an uncursed amulet of the gourmand {unknown}
 y - a +2 ring of evasion {unknown}
Scrolls
 g - 2 scrolls of identify {unknown}
 m - a scroll of recharging {unknown}
 n - 4 scrolls of fear {unknown}
 o - a scroll of amnesia {unknown}
 p - 2 scrolls of remove curse {unknown}
 r - a scroll of enchant armour {unknown}
 s - 3 scrolls of fog {unknown}
 t - a scroll of magic mapping {unknown}
 u - a scroll of teleportation {unknown}
 z - a scroll of enchant weapon {unknown}
Potions
 d - a potion of invisibility {unknown}
 e - 4 potions of curing {unknown}
 k - 2 potions of flight {unknown}
 l - 2 potions of magic {unknown}
 q - a potion of agility {unknown}
 w - a potion of degeneration {unknown}
 x - a potion of cancellation {unknown}
Comestibles
 c - 3 bread rations
 i - 5 royal jellies
 A - a meat ration


   Skills:
 + Level 6.8 Fighting
 + Level 7.5 Polearms
 + Level 5.4 Armour
 + Level 3.5 Dodging
 + Level 1.2 Stealth
 + Level 0.2 Unarmed Combat


You had 6 spell levels left.
You didn't know any spells.

Dungeon Overview and Level Annotations

Branches:
Dungeon (6/15)
 Temple: D:4-7

Altars:
Ashenzari
Elyvilon
Kikubaaqudgha
Makhleb
Qazlal
Uskayaw


Innate Abilities, Weirdness & Mutations

You reflexively headbutt those who attack you in melee.
You have a pair of horns on your head.


Message History

You are too injured to fight recklessly!
You are too injured to fight recklessly!
You are too injured to fight recklessly!
You are too injured to fight recklessly!
You are too injured to fight recklessly!
You are too injured to fight recklessly!
You are too injured to fight recklessly!
You are too injured to fight recklessly!
You are too injured to fight recklessly!
You are too injured to fight recklessly!
You are too injured to fight recklessly!
You completely miss the orc priest. You headbutt the orc priest.
The orc priest is severely wounded.
The orc priest invokes the aid of Beogh against you.
Pain shoots through your body!
* * * LOW HITPOINT WARNING * * *
You hit the orc priest. Your headbutt misses the orc priest.
The orc priest is almost dead.
The orc warrior hits you from afar with a glaive!
You die...

. .. ... ##### ....
... ..... #.# ..
#..o##.########.#
#.oo@..........
.....####.......###
...................
. ##..####....#...<
...............##
#...##.#........
........######..
###...#.........
#.(...#########


You could see an orc warrior, an orc priest and an orc.

Vanquished Creatures
  Sigmund (D:3)
  Menkaure (D:5)
  An ogre (D:4)
  2 scorpions
  A howler monkey (D:5)
  2 hounds (D:4)
  An orc priest (D:5)
  Jessica (D:3)
  2 orc wizards
  Ijyb (D:5)
  Terence (D:2)
  2 worker ants (D:4)
  7 adders
  5 worms
  A leopard gecko (D:5)
  9 orcs
  A ball python (D:4)
  3 giant cockroaches
  9 goblins
  7 hobgoblins
  8 jackals
  A quokka (D:2)
  7 bats
  3 frilled lizards
  6 kobolds
  6 rats
89 creatures vanquished.

Notes
Turn   | Place    | Note
-------+----------+-------------------------------------------
     0 | D:1      | nikopol the Minotaur Berserker began the quest for the Orb.
     0 | D:1      | Reached XP level 1. HP: 19/19 MP: 0/0
   534 | D:1      | Reached XP level 2. HP: 27/27 MP: 1/1
   810 | D:2      | Reached skill level 4 in Polearms
   823 | D:2      | Found a hide-covered altar of Uskayaw.
   957 | D:2      | Found a shattered altar of Ashenzari.
   967 | D:2      | Reached ** piety under Trog
  1005 | D:2      | Reached XP level 3. HP: 30/33 MP: 2/2
  1038 | D:2      | Found a white marble altar of Elyvilon.
  1309 | D:2      | Found a stormy altar of Qazlal.
  1329 | D:2      | Noticed Terence
  1345 | D:2      | Killed Terence
  1345 | D:2      | Reached XP level 4. HP: 35/41 MP: 3/3
  1427 | D:3      | Noticed Sigmund
  1435 | D:3      | Killed Sigmund
  1435 | D:3      | Reached skill level 5 in Fighting
  1435 | D:3      | Reached skill level 5 in Polearms
  1435 | D:3      | Reached XP level 5. HP: 48/48 MP: 4/4
  1448 | D:3      | Noticed Jessica
  1458 | D:3      | Killed Jessica
  1536 | D:3      | Found a burning altar of Makhleb.
  1678 | D:3      | Reached XP level 6. HP: 51/56 MP: 5/5
  1695 | D:3      | Found an ancient bone altar of Kikubaaqudgha.
  2063 | D:4      | Reached skill level 6 in Polearms
  2273 | D:4      | Reached *** piety under Trog
  2428 | D:4      | Reached XP level 7. HP: 42/63 MP: 6/6
  2744 | D:5      | Entered Level 5 of the Dungeon
  2846 | D:5      | Noticed Ijyb
  2865 | D:5      | Killed Ijyb
  2892 | D:5      | Reached skill level 1 in Stealth
  2971 | D:5      | Reached skill level 7 in Polearms
  3198 | D:5      | Noticed Menkaure
  3206 | D:5      | Killed Menkaure
  3206 | D:5      | Reached skill level 5 in Armour
  4097 | D:6      | Slain by an orc warrior

Vault maps used:
D:1:      ncdulo_lavacross
D:2:      eat_drink_and_be_merry_uskayaw, nicolae_ashenzari_panopticon,
          lemuel_coloured_pillars_altar, first_bread,
          nicolae_qazlal_general_emergency, uniq_crazy_yiuf_cottage,
          uniq_terence
D:3:      marbit_many_paths, kiku_gazebo_pond_becter, uniq_sigmund, uniq_jessica
D:4:      cheibrodos_greedy_goblins
D:5:      uniq_menkaure, uniq_ijyb
D:6:      grunt_dithmenos_smoke_and_mirrors, serial_shops, shop,
          nicolae_shop_waterfront, uniq_duvessa

Skill      XL: |  1  2  3  4  5  6  7 |
---------------+----------------------+-----
Polearms       | 4 5 6 7 |  7.5
Fighting       | 4 5 6 |  6.8
Armour         | 3 4 5 |  5.4
Dodging        | 3 |  3.5
Stealth        | 1 |  1.2
Unarmed Combat | |  0.2

Action                   |  1- 3 |  4- 6 |  7- 9 || total
-------------------------+-------+-------+-------++-------
Melee: Spear             |   105 |   117 |    92 ||   314
       Headbutt          |    13 |    19 |    19 ||    51
       Unarmed           |       |       |     4 ||     4
Invok: Berserk           |     1 |     2 |     1 ||     4
       Burn Spellbooks   |       |       |     1 ||     1
 Stab: Distracted        |       |       |     1 ||     1
  Eat: Chunk             |     2 |     5 |     3 ||    10
       Royal jelly       |       |       |     1 ||     1
Armor: Chain mail        |    22 |    34 |    21 ||    77
Dodge: Dodged            |    52 |    41 |    20 ||   113

Table legend:
 A = Spawn XP
 B = Non-spawn XP
 C = Spawn XP percentage of total XP
 D = Spawn monster count
 E = Non-spawn monster count
 F = Spawn count percentage of total count
 G = Total turns spent on level
                    A         B        C        D         E        F      G
               +---------+---------+-------+---------+---------+-------+---------
         Total |       0 |    1307 |   0.0 |       0 |      89 |   0.0 |  4097
               +---------+---------+-------+---------+---------+-------+---------
           D:1 |       0 |      16 |   0.0 |       0 |      10 |   0.0 |   776
           D:2 |       0 |     106 |   0.0 |       0 |      26 |   0.0 |   647
           D:3 |       0 |     264 |   0.0 |       0 |      10 |   0.0 |   428
           D:4 |       0 |     476 |   0.0 |       0 |      29 |   0.0 |   893
           D:5 |       0 |     434 |   0.0 |       0 |      11 |   0.0 |  1309
           D:6 |       0 |      11 |   0.0 |       0 |       3 |   0.0 |    44
               +---------+---------+-------+---------+---------+-------+---------
